Map: Ultralove

Players

KimChiLoVer - Winner!

  • Race: Terran Terran
  • League: Diamond
  • Spawn Location: 1:00

MeKou

  • Race: Zerg Zerg
  • League: Platinum
  • Spawn Location: 7:00

VOD

Have the link to the VOD?

Description

Time

  • Played on: Aug. 29, 2025, 10:13 a.m.
  • Length: 13:26
Show
View Real Time Build Order
Export as new Build Order

KimChiLoVer Terran - Winner!

Build Orders: Reaper Expand 

Get SALT Encoding   

  12  0:00  SCV  
  13  0:12  SCV  
  14  0:17  Supply Depot  
  14  0:24  SCV  
  15  0:38  SCV  
  15  0:41  Barracks  
  16  0:45  Refinery  
  16  0:51  SCV  
  17  1:03  SCV  
  18  1:15  SCV  
  19  1:30  Orbital Command  
  19  1:32  Supply Depot  
  19  1:33  Reaper  
  20  1:48  Command Center  
  20  1:56  SCV  
  21  2:05  Factory, Marine  
  22  2:15  SCV  
  23  2:17  Refinery  
  23  2:27  SCV  
  24  2:45  SCV  
  24  2:50  Factory Tech Lab  
  24  2:51  Barracks Reactor  
  25  3:06  Orbital Command  
  24  3:19  Siege Tank  
  27  3:21  Barracks x2  
  27  3:24  Supply Depot  
  27  3:27  SCV  
  27  3:28  Starport  
  28  3:37  Marine x2  
  30  3:49  SCV  
  34  3:57  Orbital Command  
  34  4:02  Marine x2, SCV  
  32  4:04  Factory Reactor  
  34  4:16  Marine x2  
  36  4:17  Supply Depot, Starport Reactor  
  36  4:18  Supply Depot  
  36  4:24  SCV  
  37  4:26  SCV  
  37  4:30  Marine  
  39  4:32  Command Center  
  39  4:34  Stimpack  
  39  4:36  SCV  
  39  4:38  SCV  
  41  4:41  Marine x2  
  43  4:46  Supply Depot  
  43  4:48  SCV  
  43  4:49  Supply Depot  
  44  4:56  Medivac  
  46  5:00  SCV x2  
  46  5:05  Engineering Bay  
  48  5:08  Engineering Bay  
  48  5:11  Marine x2  
  48  5:12  Marine  
  51  5:14  Medivac  
  51  5:18  Supply Depot  
  51  5:20  SCV  
  51  5:21  SCV  
  55  5:29  Marine x3  
  55  5:30  Marine  
  55  5:33  SCV  
  60  5:37  SCV  
  60  5:39  Refinery  
  61  5:46  Orbital Command  
  61  5:47  Marine x2  
  61  5:49  Terran Infantry Weapons Level 1, Terran Infantry Armor Level 1  
  63  5:58  Barracks  
  63  5:59  SCV  
  63  6:01  Barracks Tech Lab  
  63  6:02  Marine  
  65  6:05  Marine  
  65  6:07  Factory Tech Lab  
  65  6:10  SCV  
  67  6:13  Refinery  
  67  6:14  Supply Depot  
  67  6:22  SCV x2  
  67  6:23  SCV  
  67  6:25  Combat Shield  
  70  6:26  Medivac  
  70  6:27  Medivac  
  70  6:31  Missile Turret  
  74  6:35  SCV  
  74  6:36  Marine  
  74  6:37  Marine  
  77  6:40  Missile Turret  
  77  6:47  SCV  
  61  6:54  Marine x3  
  61  6:55  Marine x3  
  61  7:00  Missile Turret  
  67  7:06  Barracks  
  67  7:12  Marine x5, Missile Turret  
  67  7:13  Marine, Siege Tank  
  75  7:18  Medivac x2  
  79  7:29  Armory  
  79  7:30  Marine x4  
  79  7:33  Missile Turret  
  83  7:49  Marine x3  
  83  7:50  Marine x3  
  89  7:53  Command Center  
  89  7:54  Siege Tank, Orbital Command  
  89  7:56  Missile Turret  
  92  8:04  SCV  
  93  8:07  Marine  
  93  8:08  SCV  
  93  8:10  Medivac  
  93  8:11  Marine x2  
  99  8:15  Barracks  
  99  8:16  Barracks Reactor  
  99  8:17  SCV  
  100  8:20  SCV  
  100  8:23  Marine x3  
  100  8:25  Marine  
  105  8:27  Supply Depot  
  105  8:29  SCV, Terran Infantry Weapons Level 2  
  105  8:32  SCV  
  105  8:34  SCV  
  108  8:41  Marine x2, SCV  
  109  8:42  Concussive Shells  
  109  8:43  Marauder, Marine x2  
  109  8:44  SCV  
  109  8:46  SCV  
  115  8:53  SCV  
  115  8:55  Refinery  
  113  8:56  SCV, Refinery  
  113  8:58  Marauder, Marine, SCV  
  113  9:01  Liberator  
  121  9:03  Barracks Tech Lab  
  121  9:04  Command Center  
  121  9:05  SCV  
  121  9:08  Barracks  
  122  9:10  SCV  
  123  9:20  Missile Turret  
  123  9:24  Marauder, Marine x8  
  133  9:36  Siege Tank  
  136  9:39  Terran Infantry Armor Level 2  
  136  9:41  Marine  
  136  9:42  Marine x3  
  140  9:59  Barracks Reactor, Starport  
  140  10:05  Supply Depot  
  140  10:12  Planetary Fortress  
  140  10:18  Supply Depot  
  140  10:20  Supply Depot  
  140  10:26  SCV x2, Marine x4  
  140  10:27  Marauder  
  148  10:29  Command Center  
  148  10:31  Missile Turret  
  148  10:32  Missile Turret  
  148  10:36  Terran Vehicle And Ship Armor Level 1  
  148  10:39  SCV x2, Marine x3, Medivac x2, Starport Reactor  
  148  10:41  Marauder  
  152  10:47  Marine x3  
  152  10:48  Marine x2  
  135  10:52  Marine x2  
  126  10:57  Marine x2  
  126  10:58  Marauder  
  126  11:02  SCV, Marine  
  131  11:05  Marine x2  
  131  11:06  Marine  
  131  11:07  Marine  
  131  11:10  Marine  
  131  11:11  Marine  
  132  11:13  SCV  
  132  11:29  Supply Depot x2  
  132  11:32  Marine, Medivac x3  
  132  11:33  Marine, SCV x4  
  132  11:34  Marauder x2  
  148  11:40  Marine x2  
  148  11:41  Planetary Fortress  
  148  11:45  SCV x4  
  154  11:50  Command Center  
  151  11:57  SCV  
  151  11:58  SCV x3  
  129  12:10  SCV  
  129  12:13  SCV  
  131  12:19  Marauder, Marine  
  131  12:20  Marauder, Marine  
  131  12:22  SCV, Marine  
  139  12:25  SCV  
  139  12:26  SCV  
  141  12:34  SCV  
  142  12:37  SCV  
  142  12:38  SCV  
  144  12:49  SCV  
  144  13:02  SCV  
Show
View Real Time Build Order
Export as new Build Order

MeKou Zerg 

Build Orders: Pool First 

Get SALT Encoding   

  12  0:11  Overlord  
  12  0:23  Drone x2  
  14  0:35  Spawning Pool  
  13  0:38  Drone  
  14  0:43  Drone  
  15  0:56  Drone  
  16  0:59  Extractor  
  16  1:02  Drone  
  16  1:06  Drone  
  17  1:20  Hatchery  
  16  1:29  Queen  
  18  1:34  Zergling x2  
  18  1:38  Zergling x2  
  20  1:41  Drone  
  21  1:56  Drone  
  22  2:10  Metabolic Boost  
  22  2:16  Overlord  
  22  2:31  Queen  
  22  2:33  Overlord  
  22  2:35  Queen  
  25  2:54  Drone  
  25  2:55  Drone  
  27  3:05  Zergling x4, Drone x2  
  29  3:06  Drone x2  
  33  3:25  Hatchery  
  32  3:35  Overlord  
  32  3:37  Drone x2  
  34  3:46  Roach Warren  
  33  3:57  Drone x4  
  37  4:04  Extractor, Zergling x4  
  37  4:08  Overlord  
  37  4:18  Lair  
  37  4:20  Pneumatized Carapace  
  37  4:37  Drone x3  
  37  4:38  Drone x4  
  44  4:44  Zergling x4  
  46  4:53  Queen  
  48  5:01  Extractor  
  47  5:07  Drone x3  
  47  5:10  Queen  
  47  5:11  Extractor  
  51  5:26  Hydralisk Den  
  51  5:28  Drone x4  
  51  5:30  Drone  
  51  5:31  Drone  
  56  5:36  Drone x2  
  58  5:54  Overlord  
  58  5:55  Overlord  
  58  5:58  Muscular Augments  
  58  6:00  Glial Reconstitution  
  58  6:05  Overseer  
  58  6:10  Overlord  
  58  6:11  Overlord  
  58  6:12  Overlord  
  58  6:14  Drone  
  58  6:15  Drone x6  
  58  6:16  Zergling x16  
  73  6:43  Zergling x2  
  73  6:44  Zergling x20  
  83  6:49  Zergling x2  
  83  6:50  Zergling x6  
  85  7:02  Grooved Spines  
  85  7:06  Zergling x2  
  85  7:07  Zergling x10  
  91  7:17  Roach x2  
  91  7:19  Drone x2  
  97  7:28  Drone  
  97  7:29  Overlord  
  98  7:30  Overlord  
  98  7:35  Hatchery  
  97  7:42  Overlord x3  
  97  7:48  Hatchery  
  97  7:49  Drone  
  97  7:50  Drone x3  
  100  7:51  Drone  
  100  7:52  Drone  
  102  7:59  Lair  
  102  8:00  Lair  
  102  8:04  Evolution Chamber, Hatchery  
  100  8:06  Baneling Nest, Drone x3  
  100  8:07  Drone  
  100  8:11  Spore Crawler  
  102  8:25  Infestation Pit  
  101  8:30  Drone x7  
  101  8:31  Zergling x2, Drone x2  
  101  8:32  Hydralisk, Zergling x6  
  100  8:54  Baneling x12  
  96  8:57  Roach, Hydralisk x6  
  96  8:58  Hydralisk x3  
  96  8:59  Drone x4  
  96  9:00  Drone x2  
  122  9:07  Zergling x2, Drone  
  124  9:13  Centrifugal Hooks  
  124  9:16  Evolution Chamber  
  123  9:20  Zerg Ground Armor Level 1  
  123  9:21  Evolution Chamber  
  123  9:22  Hydralisk x4  
  130  9:32  Drone  
  130  9:33  Overlord, Drone x6  
  130  9:34  Overlord x3  
  137  9:41  Zergling x2  
  137  9:42  Zergling x14  
  145  9:46  Extractor x2  
  145  9:48  Extractor, Drone x2  
  145  9:49  Drone  
  145  9:50  Extractor, Drone x3  
  147  9:53  Hive  
  147  9:58  Overseer x2  
  147  10:20  Baneling x6  
  147  10:21  Zergling x8  
  148  10:22  Drone x3  
  148  10:23  Drone x3  
  148  10:24  Drone  
  148  10:26  Extractor  
  157  10:29  Extractor  
  119  10:51  Hydralisk  
  119  10:52  Hydralisk x10  
  139  11:02  Zergling x12  
  139  11:03  Hydralisk x3  
  146  11:05  Overlord  
  146  11:06  Drone  
  146  11:07  Drone x6  
  146  11:19  Zergling x2  
  146  11:20  Zergling x16  
  155  11:27  Lair  
  155  11:28  Hive  
  155  11:33  Drone x3  
  155  11:34  Drone  
  159  11:42  Extractor  
  159  11:44  Extractor  
  159  11:46  Hatchery  
  108  12:07  Hydralisk, Roach x4  
  108  12:08  Roach, Zergling x6  
  114  12:09  Zergling x14  
  114  12:12  Overseer x2  
  114  12:15  Roach, Hydralisk  
  125  12:16  Infestor x3  
  125  12:18  Zergling x6  
  136  12:35  Baneling x3  
  136  12:36  Baneling x3  
  127  12:47  Roach x11  
  138  12:56  Roach, Hydralisk x3  
  140  12:59  Overlord x4  
Tags
 
Add a new tag
Caveats
  • Supply blocks, unpowered buildings, or Contaminate may cause inaccurate times.
  • Supply counts are checked every 10 seconds.